TOP OF THE 1ST |
Long Beach KO batting - Pitching for Quincy Doughboys : RHP Gabriel Quintero
|
Pitching: RHP Gabriel Quintero
|
|
Batting: RHB Carlos Sánchez
|
0-0: Ball 1-0: Called Strike 1-1: Foul Ball, location: 2F 1-2: Foul Ball, location: 2F 1-2: Ball 2-2: Fly out, F7 (Flyball, 7LS)
|
Batting: RHB Pedro Lara
|
0-0: Swinging Strike 0-1: Swinging Strike 0-2: Ball 1-2: Strikes out swinging
|
Batting: LHB Miguel Gálvez
|
0-0: Ball 1-0: Foul Ball, location: 2F 1-1: Ball 2-1: Called Strike 2-2: Foul Ball, location: 2F 2-2: Fly out, F8 (Flyball, 8LD)
|
Top of the 1st over - 0 run(s), 0 hit(s), 0 error(s), 0 left on base; Long Beach 0 - Quincy 0 |
BOTTOM OF THE 1ST |
Quincy Doughboys batting - Pitching for Long Beach KO : RHP Juan Rodríguez
|
Pitching: RHP Juan Rodríguez
|
|
Batting: RHB Jorge Chávez
|
0-0: Called Strike 0-1: Ball 1-1: Ball 2-1: Called Strike 2-2: Ball 3-2: Fly out, F6 (Popup, 56D)
|
Batting: RHB Miguel Medina
|
0-0: Called Strike 0-1: Ball 1-1: Foul Ball, location: 2F 1-2: Ball 2-2: Ball 3-2: Strikes out swinging
|
Batting: LHB Marv Gardner
|
0-0: SINGLE (Line Drive, 4D)
|
Batting: LHB Alberto Castellanos
|
0-0: Ball 1-0: Ball 2-0: Ball 3-0: Called Strike 3-1: Foul Ball, location: 2F 3-2: Ground out 4-3 (Groundball, 34)
|
Bottom of the 1st over - 0 run(s), 1 hit(s), 0 error(s), 1 left on base; Long Beach 0 - Quincy 0 |
TOP OF THE 2ND |
Long Beach KO batting - Pitching for Quincy Doughboys : RHP Gabriel Quintero
|
Batting: RHB Ben Simpson
|
0-0: Called Strike 0-1: Ball 1-1: Swinging Strike 1-2: Strikes out swinging
|
Batting: RHB Scott Wise
|
0-0: Ball 1-0: Foul Ball, location: 2F 1-1: Ball 2-1: SINGLE (Groundball, 6MD)
|
Batting: RHB José González
|
0-0: SINGLE (Line Drive, 9LS) Scott Wise to second Throwing error, E9 Scott Wise scores José González to second
|
Batting: SHB Ángel Estrada
|
0-0: Ball 1-0: Foul Ball, location: 2F 1-1: Ground out U3 (Groundball, 3L) José González to third
|
Batting: LHB Walt Brown
|
0-0: Ball 1-0: Called Strike 1-1: Ball 2-1: SINGLE (Flyball, 8RS) José González scores
|
Batting: RHB Kenny Pruitt
|
0-0: Ball 1-0: Ball 2-0: Ball 3-0: Called Strike 3-1: Fly out, F8 (Line Drive, 8LD)
|
Top of the 2nd over - 2 run(s), 3 hit(s), 1 error(s), 1 left on base; Long Beach 2 - Quincy 0 |
BOTTOM OF THE 2ND |
Quincy Doughboys batting - Pitching for Long Beach KO : RHP Juan Rodríguez
|
Batting: LHB Seth Sullivan
|
0-0: Swinging Strike 0-1: Ball 1-1: Ball 2-1: Foul Ball, location: 2F 2-2: Foul Ball, location: 2F 2-2: Ball 3-2: Foul Ball, location: 2F 3-2: Foul Ball, location: 2F 3-2: Foul Ball, location: 2F 3-2: Ground out 4-3 (Groundball, 4)
|
Batting: RHB Vicente Barajas
|
0-0: Ball 1-0: Called Strike 1-1: Swinging Strike 1-2: Ball 2-2: Strikes out looking
|
Batting: LHB Mario Álvarez
|
0-0: Swinging Strike 0-1: Foul Ball, location: 2F 0-2: Strikes out swinging
|
Bottom of the 2nd over - 0 run(s), 0 hit(s), 0 error(s), 0 left on base; Long Beach 2 - Quincy 0 |
TOP OF THE 3RD |
Long Beach KO batting - Pitching for Quincy Doughboys : RHP Gabriel Quintero
|
Batting: RHB Carlos Sánchez
|
0-0: Fly out, F7 (Flyball, 7S)
|
Batting: RHB Pedro Lara
|
0-0: Foul Ball, location: 2F 0-1: Foul Ball, location: 2F 0-2: Ball 1-2: Foul Ball, location: 2F 1-2: Ball 2-2: Strikes out swinging
|
Batting: LHB Miguel Gálvez
|
0-0: Ball 1-0: Fly out, F3 (Line Drive, 34)
|
Top of the 3rd over - 0 run(s), 0 hit(s), 0 error(s), 0 left on base; Long Beach 2 - Quincy 0 |
BOTTOM OF THE 3RD |
Quincy Doughboys batting - Pitching for Long Beach KO : RHP Juan Rodríguez
|
Batting: RHB Domingo Laydón
|
0-0: Ball 1-0: Fly out, F9 (Flyball, 9LM)
|
Batting: RHB Henry Haines
|
0-0: SINGLE (Groundball, 56D)
|
Batting: RHB Jorge Chávez
|
0-0: Ball 1-0: Ball 2-0: Called Strike 2-1: Called Strike 2-2: Reached on error, E4 (Flyball, 4D) Henry Haines to second
|
Batting: RHB Miguel Medina
|
0-0: Ball 1-0: Ball 2-0: Ball 3-0: Called Strike 3-1: Ground out 5-3 (Groundball, 5S) Henry Haines to third Jorge Chávez to second
|
Batting: LHB Marv Gardner
|
0-0: Foul Ball, location: 2F 0-1: Ball 1-1: Reached on error, E4 (Groundball, 4) Henry Haines scores Jorge Chávez to third
|
Batting: LHB Alberto Castellanos
|
0-0: Ball 1-0: SINGLE (Groundball, 3D) Jorge Chávez scores Marv Gardner to second Runner from 2nd tries for 3rd, SAFE, throw made to third Alberto Castellanos to second
|
Batting: LHB Seth Sullivan
|
0-0: Called Strike 0-1: Fly out, F8 (Flyball, 8LM)
|
Bottom of the 3rd over - 2 run(s), 2 hit(s), 2 error(s), 2 left on base; Long Beach 2 - Quincy 2 |
TOP OF THE 4TH |
Long Beach KO batting - Pitching for Quincy Doughboys : RHP Gabriel Quintero
|
Batting: RHB Ben Simpson
|
0-0: Called Strike 0-1: Swinging Strike 0-2: Ball 1-2: Strikes out looking
|
Batting: RHB Scott Wise
|
0-0: Ball 1-0: Fly out, F8 (Flyball, 89M)
|
Batting: RHB José González
|
0-0: Called Strike 0-1: Ball 1-1: Ball 2-1: Foul Ball, location: 2F 2-2: Fly out, F8 (Flyball, 8LD)
|
Top of the 4th over - 0 run(s), 0 hit(s), 0 error(s), 0 left on base; Long Beach 2 - Quincy 2 |
BOTTOM OF THE 4TH |
Quincy Doughboys batting - Pitching for Long Beach KO : RHP Juan Rodríguez
|
Batting: RHB Vicente Barajas
|
0-0: Foul Ball, location: 2F 0-1: Ball 1-1: Swinging Strike 1-2: Ball 2-2: Strikes out swinging
|
Batting: LHB Mario Álvarez
|
0-0: Foul Ball, location: 2F 0-1: SINGLE (Line Drive, 9S)
|
Batting: RHB Domingo Laydón
|
0-0: Ball 1-0: Swinging Strike 1-1: Foul Ball, location: 2F 1-2: Fielders Choice at 2nd, 1-6 (Groundball, 13S)
|
Batting: RHB Henry Haines
|
0-0: Fielders Choice at 2nd, 6-4 (Groundball, 6)
|
Bottom of the 4th over - 0 run(s), 1 hit(s), 0 error(s), 0 left on base; Long Beach 2 - Quincy 2 |
TOP OF THE 5TH |
Long Beach KO batting - Pitching for Quincy Doughboys : RHP Gabriel Quintero
|
Batting: SHB Ángel Estrada
|
0-0: Foul Ball, location: 2F 0-1: Fly out, F9 (Flyball, 9S)
|
Batting: LHB Walt Brown
|
0-0: Ball 1-0: Foul Ball, location: 2F 1-1: Ball 2-1: Foul Ball, location: 2F 2-2: Ball 3-2: Base on Balls
|
Batting: RHB Kenny Pruitt
|
0-0: Fly out, F7 (Flyball, 78M)
|
Batting: RHB Carlos Sánchez
|
0-0: Ball 1-0: SINGLE (Line Drive, 6) Walt Brown to second
|
Batting: RHB Pedro Lara
|
0-0: Called Strike 0-1: Swinging Strike 0-2: Strikes out looking
|
Top of the 5th over - 0 run(s), 1 hit(s), 0 error(s), 2 left on base; Long Beach 2 - Quincy 2 |
BOTTOM OF THE 5TH |
Quincy Doughboys batting - Pitching for Long Beach KO : RHP Juan Rodríguez
|
Batting: RHB Jorge Chávez
|
0-0: Called Strike 0-1: Foul Ball, location: 2F 0-2: Ball 1-2: Ball 2-2: Ball 3-2: Foul Ball, location: 2F 3-2: Base on Balls
|
Pitching: RHP Juan Herrera
|
|
Batting: RHB Miguel Medina
|
0-0: Ball 1-0: Ball 2-0: Ball 3-0: Called Strike 3-1: Ground out 5-3 (Groundball, 5) Jorge Chávez to second
|
Batting: LHB Marv Gardner
|
0-0: Fly out, F8 (Flyball, 8LS)
|
Batting: LHB Alberto Castellanos
|
0-0: Ball 1-0: Ball 2-0: Ball 3-0: Foul Ball, location: 2F 3-1: Swinging Strike 3-2: Base on Balls
|
Batting: LHB Seth Sullivan
|
0-0: Ball 1-0: Ball 2-0: Called Strike 2-1: Fielders Choice at 2nd, 6-4 (Groundball, 6D)
|
Bottom of the 5th over - 0 run(s), 0 hit(s), 0 error(s), 1 left on base; Long Beach 2 - Quincy 2 |
TOP OF THE 6TH |
Long Beach KO batting - Pitching for Quincy Doughboys : RHP Gabriel Quintero
|
Batting: LHB Miguel Gálvez
|
0-0: Ball 1-0: Fly out, F8 (Flyball, 8RXD)
|
Batting: RHB Ben Simpson
|
0-0: Ball 1-0: Fly out, F8 (Flyball, 8RM)
|
Batting: RHB Scott Wise
|
0-0: Called Strike 0-1: DOUBLE (Line Drive, 7LM)
|
Batting: RHB José González
|
0-0: Swinging Strike 0-1: Called Strike 0-2: Strikes out looking
|
Top of the 6th over - 0 run(s), 1 hit(s), 0 error(s), 1 left on base; Long Beach 2 - Quincy 2 |
BOTTOM OF THE 6TH |
Quincy Doughboys batting - Pitching for Long Beach KO : RHP Juan Herrera
|
Batting: RHB Vicente Barajas
|
0-0: Called Strike 0-1: Foul Ball, location: 2F 0-2: Strikes out swinging
|
Batting: LHB Mario Álvarez
|
0-0: Fly out, F9 (Flyball, 9S)
|
Batting: RHB Domingo Laydón
|
0-0: Called Strike 0-1: SINGLE (Flyball, 9S)
|
Batting: RHB Henry Haines
|
0-0: Ball 1-0: Called Strike 1-1: Called Strike 1-2: Strikes out swinging
|
Bottom of the 6th over - 0 run(s), 1 hit(s), 0 error(s), 1 left on base; Long Beach 2 - Quincy 2 |
TOP OF THE 7TH |
Long Beach KO batting - Pitching for Quincy Doughboys : RHP Gabriel Quintero
|
Pitching: LHP Cristo Rodríguez
|
|
Batting: SHB Ángel Estrada
|
0-0: Called Strike 0-1: Ball 1-1: Foul Ball, location: 2F 1-2: Ball 2-2: Foul Ball, location: 2F 2-2: Strikes out swinging
|
Batting: LHB Walt Brown
|
0-0: Ball 1-0: Foul Ball, location: 2F 1-1: Ball 2-1: Foul Ball, location: 2F 2-2: Ball 3-2: Strikes out swinging
|
Batting: RHB Kenny Pruitt
|
0-0: Called Strike 0-1: Called Strike 0-2: Foul Ball, location: 2F 0-2: Strikes out looking
|
Top of the 7th over - 0 run(s), 0 hit(s), 0 error(s), 0 left on base; Long Beach 2 - Quincy 2 |
BOTTOM OF THE 7TH |
Quincy Doughboys batting - Pitching for Long Beach KO : RHP Juan Herrera
|
Pinch Hitting: LHB António Gutiérrez
|
0-0: Ball 1-0: Called Strike 1-1: Ball 2-1: Called Strike 2-2: Ball 3-2: Foul Ball, location: 2F 3-2: Strikes out swinging
|
Batting: RHB Miguel Medina
|
0-0: Ball 1-0: Ball 2-0: Foul Ball, location: 2F 2-1: Ground out 5-3 (Groundball, 56S)
|
Batting: LHB Marv Gardner
|
0-0: Called Strike 0-1: Fly out, F2 (Popup, 2L)
|
Bottom of the 7th over - 0 run(s), 0 hit(s), 0 error(s), 0 left on base; Long Beach 2 - Quincy 2 |
TOP OF THE 8TH |
Long Beach KO batting - Pitching for Quincy Doughboys : LHP Cristo Rodríguez
|
Now in LF: António Gutiérrez
|
|
Batting: RHB Carlos Sánchez
|
0-0: Swinging Strike 0-1: Ball 1-1: Foul Ball, location: 2F 1-2: Strikes out swinging
|
Batting: RHB Pedro Lara
|
0-0: Foul Ball, location: 2F 0-1: Fly out, F8 (Flyball, 8LM)
|
Batting: LHB Miguel Gálvez
|
0-0: Ball 1-0: Swinging Strike 1-1: Swinging Strike 1-2: Foul Ball, location: 2F 1-2: SINGLE (Flyball, 7S)
|
Pinch Hitting: SHB Andrés Hernández
|
0-0: Fly out, F7 (Flyball, 7S)
|
Top of the 8th over - 0 run(s), 1 hit(s), 0 error(s), 1 left on base; Long Beach 2 - Quincy 2 |
BOTTOM OF THE 8TH |
Quincy Doughboys batting - Pitching for Long Beach KO : RHP Juan Herrera
|
Pitching: LHP Andy Thomas
|
|
Now at 2B: Roberto Landavazo
|
|
Batting: LHB Alberto Castellanos
|
0-0: SINGLE (Line Drive, 8LS)
|
Pinch Hitting: RHB Pedro Sandoval
|
0-0: Foul Ball, location: 2F 0-1: DOUBLE (Line Drive, 9LM) Alberto Castellanos to third
|
Pinch Hitting: RHB Wilson Ortíz
|
0-0: Fly out, F9 (Flyball, 9S) Runner from 3rd tags up, SCORES, throw made
|
Batting: LHB Mario Álvarez
|
0-0: Intentional Walk
|
Pinch Hitting: RHB Júlio Contreras
|
0-0: Called Strike 0-1: Ball 1-1: Called Strike 1-2: Strikes out swinging
|
Batting: RHB Henry Haines
|
0-0: Ball 1-0: Called Strike 1-1: Ball 2-1: Foul Ball, location: 2F 2-2: SINGLE (Groundball, 6MD) Pedro Sandoval to third Mario Álvarez to second Runner from 3rd tries for Home, SAFE, no throw
|
Pitching: LHP Colton Elías
|
|
Pinch Hitting: RHB Pedro Javier
|
0-0: Swinging Strike 0-1: Called Strike 0-2: Strikes out swinging
|
Bottom of the 8th over - 2 run(s), 3 hit(s), 0 error(s), 2 left on base; Long Beach 2 - Quincy 4 |
|